Map: Orbitalwerft

Players

Decoutan - Winner!

  • Race: Terran Terran

Liuoh

  • Race: Zerg Zerg
  • League: Gold

VOD

Have the link to the VOD?

Description

Time

  • Played on: Jan. 25, 2016, 8:44 p.m.
  • Length: 13:45
Show
View Real Time Build Order
Export as new Build Order

Decoutan Terran - Winner!

Build Orders: Bio Mine 

Get SALT Encoding   

  12  0:00  SCV  
  13  0:12  SCV  
  14  0:17  Supply Depot  
  14  0:24  SCV  
  15  0:39  SCV  
  15  0:40  Barracks  
  16  0:51  SCV  
  17  1:03  SCV  
  18  1:14  Command Center  
  18  1:19  SCV  
  19  1:26  Marine  
  19  1:31  Orbital Command  
  20  1:37  Supply Depot  
  20  1:44  Marine  
  21  1:49  Barracks  
  21  1:56  SCV  
  22  2:03  Marine  
  22  2:07  Barracks  
  23  2:10  SCV  
  24  2:16  Refinery  
  24  2:18  Refinery  
  24  2:22  SCV, Marine  
  26  2:32  Orbital Command  
  26  2:38  SCV, Marine  
  26  2:40  Marine  
  29  2:55  Marine  
  29  2:56  Marine  
  29  2:57  Marine  
  32  2:59  SCV x2  
  33  3:11  SCV  
  33  3:12  SCV  
  33  3:18  Barracks Reactor x2  
  33  3:19  Barracks Tech Lab  
  33  3:23  SCV  
  33  3:24  SCV  
  33  3:26  Supply Depot  
  35  3:29  Engineering Bay  
  35  3:32  Engineering Bay  
  35  3:36  SCV x2  
  35  3:37  Stimpack, Marine  
  38  3:48  SCV x2  
  40  4:00  SCV x2, Marine  
  40  4:01  Marine x4  
  45  4:08  Refinery  
  45  4:09  Terran Infantry Weapons Level 1, Terran Infantry Armor Level 1  
  45  4:11  Refinery  
  45  4:12  SCV x2  
  47  4:18  Supply Depot  
  47  4:20  Supply Depot  
  47  4:24  SCV x2  
  47  4:27  Marine x5  
  54  4:35  Factory  
  54  4:43  Supply Depot  
  54  4:45  SCV x2, Marine x5  
  61  4:57  SCV  
  61  4:58  SCV  
  63  5:02  Supply Depot, Marine  
  63  5:03  Marine x4  
  68  5:09  SCV  
  68  5:10  SCV  
  70  5:16  Supply Depot  
  70  5:20  Marine x3  
  70  5:21  SCV, Marine  
  74  5:22  SCV, Starport  
  74  5:23  Factory Reactor  
  77  5:33  SCV  
  77  5:34  SCV  
  78  5:38  Marine x2  
  78  5:39  Marauder  
  78  5:40  Barracks Reactor  
  78  5:47  SCV x2  
  80  5:54  Supply Depot  
  80  5:56  Marine  
  81  5:59  SCV x2  
  81  6:02  Combat Shields  
  83  6:06  Supply Depot  
  83  6:08  Marauder, Marine  
  86  6:16  Medivac x2, Marine  
  86  6:18  Supply Depot, Factory Tech Lab  
  91  6:20  Armory  
  91  6:21  Supply Depot  
  91  6:24  SCV x2  
  93  6:26  Marine  
  93  6:28  Supply Depot  
  93  6:29  Marine x3  
  93  6:30  Supply Depot x2  
  97  6:38  Marine  
  98  6:46  Widow Mine  
  98  6:47  Factory  
  98  6:48  Medivac x2  
  104  6:54  Command Center  
  104  6:57  SCV x2  
  106  7:02  Missile Turret  
  106  7:04  Missile Turret  
  106  7:07  Marauder, Marine x2  
  106  7:08  Marine x2  
  110  7:09  Sensor Tower  
  112  7:17  SCV x2  
  112  7:19  Terran Infantry Weapons Level 2  
  112  7:21  Concussive Shells  
  112  7:22  Terran Infantry Armor Level 2  
  114  7:28  Terran Vehicle And Ship Armor Level 1  
  114  7:36  Viking, Medivac  
  118  7:37  Supply Depot  
  118  7:38  Factory Reactor, Widow Mine  
  118  7:40  SCV x2  
  122  7:52  SCV, Marauder  
  122  7:54  Marine x2  
  122  7:55  Marine x2  
  122  7:56  Refinery  
  129  8:01  Refinery  
  129  8:09  Missile Turret  
  129  8:10  Widow Mine  
  129  8:12  Marine x3  
  131  8:13  Marauder, Orbital Command, Marine  
  131  8:15  SCV  
  131  8:16  SCV  
  131  8:18  Widow Mine x2  
  142  8:31  Marine x2  
  142  8:32  Marine x2  
  129  8:35  Medivac x2, Marauder  
  125  8:43  SCV x2  
  126  8:49  Marine x4  
  126  8:52  Supply Depot, Widow Mine x3  
  126  8:53  Supply Depot  
  126  8:54  Supply Depot x2  
  136  8:56  Marauder  
  137  9:07  Barracks, Marine x4  
  137  9:08  Barracks  
  141  9:11  Command Center  
  79  9:17  Marauder, Medivac x2  
  141  9:22  Widow Mine x3  
  153  9:25  Drilling Claws, Marine x4  
  156  9:39  Marauder  
  156  9:43  Marine x4  
  161  9:47  Supply Depot  
  161  9:48  Terran Infantry Weapons Level 3, Terran Infantry Armor Level 3  
  161  9:51  Terran Vehicle And Ship Armor Level 2  
  159  10:00  Barracks Reactor, Marauder  
  159  10:01  Barracks Tech Lab  
  159  10:02  Widow Mine x3  
  159  10:03  Medivac  
  159  10:04  Medivac  
  171  10:22  Missile Turret x2, Marauder  
  171  10:23  Sensor Tower x2, Marauder  
  171  10:24  Marine x4  
  165  10:45  Marauder, Marine x2  
  165  10:46  Marine x3, Marauder  
  165  10:47  Widow Mine x3, Marine  
  176  10:58  Medivac x2  
  176  11:00  Planetary Fortress  
  180  11:13  Refinery  
  180  11:15  Refinery, Widow Mine x2  
  180  11:16  Widow Mine  
  186  11:19  Marine x4, Marauder x2  
  186  11:20  Marine x2  
  196  11:26  Command Center  
  196  11:43  Marauder x2  
  200  11:58  Factory  
  200  12:01  Factory  
  200  12:02  Supply Depot, Ghost Academy  
  200  12:04  Command Center, Barracks x2  
  200  12:05  Barracks  
  200  12:45  Factory Tech Lab  
  200  12:46  Factory Tech Lab  
  200  12:55  Command Center x2  
  200  13:00  Command Center  
  200  13:05  Barracks Reactor  
  200  13:20  Barracks Tech Lab x2  
Show
View Real Time Build Order
Export as new Build Order

Liuoh Zerg 

Build Orders: Hatch First 

Get SALT Encoding   

  12  0:01  Drone  
  13  0:13  Overlord  
  13  0:18  Drone  
  14  0:32  Drone x2  
  16  0:40  Drone  
  17  0:57  Hatchery  
  17  0:58  Extractor  
  17  1:03  Drone  
  16  1:04  Drone  
  17  1:18  Spawning Pool  
  16  1:23  Drone x2  
  18  1:30  Drone  
  19  1:40  Overlord  
  19  1:52  Drone  
  20  2:03  Drone  
  20  2:07  Queen  
  23  2:15  Queen, Zergling x2  
  26  2:16  Zergling x2  
  26  2:22  Zergling x2  
  28  2:34  Drone x3  
  31  2:50  Drone x2  
  33  2:54  Roach Warren  
  32  2:59  Drone  
  32  3:00  Drone  
  34  3:06  Overlord  
  34  3:07  Overlord  
  32  3:14  Zergling x2  
  32  3:23  Zergling x4  
  32  3:24  Queen  
  36  3:29  Zergling x4  
  38  3:36  Roach x3  
  38  3:37  Roach x2  
  48  3:44  Extractor  
  47  3:53  Extractor  
  46  4:04  Roach x3  
  46  4:07  Extractor  
  46  4:08  Extractor  
  52  4:17  Queen  
  52  4:24  Overlord  
  54  4:42  Overlord  
  54  4:43  Ravager x2  
  56  4:50  Ravager  
  57  4:52  Hatchery  
  57  4:54  Drone x4  
  60  5:01  Ravager  
  60  5:05  Drone x3  
  64  5:12  Roach x2  
  64  5:13  Overlord x2  
  68  5:32  Roach x2  
  68  5:33  Roach  
  72  5:38  Roach x2  
  72  5:40  Drone x2  
  69  5:44  Roach x2  
  60  5:53  Roach x2  
  64  6:00  Roach  
  66  6:10  Queen  
  68  6:18  Roach x4  
  76  6:19  Zergling x4  
  78  6:31  Extractor  
  77  6:35  Drone x3  
  80  6:50  Spine Crawler, Ravager  
  80  6:51  Ravager  
  80  6:52  Spine Crawler  
  80  6:53  Drone x9  
  89  6:55  Spine Crawler  
  89  7:01  Extractor  
  87  7:02  Drone x2  
  87  7:03  Overlord  
  87  7:07  Overlord  
  89  7:17  Lair  
  89  7:22  Evolution Chamber  
  88  7:25  Evolution Chamber  
  88  7:26  Drone x3  
  90  7:34  Drone x5  
  95  7:39  Ravager x3  
  95  7:40  Ravager  
  99  7:48  Drone x6  
  105  8:12  Overlord  
  105  8:13  Overlord  
  97  8:33  Roach  
  84  8:34  Roach x2  
  84  8:40  Roach x7  
  67  8:59  Roach x3  
  67  9:00  Ravager x3  
  72  9:03  Ravager x3  
  72  9:05  Roach  
  72  9:06  Queen  
  77  9:26  Overlord  
  77  9:27  Overlord  
  74  9:50  Roach  
  74  9:51  Roach x4  
  84  9:59  Overlord  
  84  10:08  Hatchery  
  84  10:10  Overlord x2  
  83  10:15  Overlord  
  83  10:17  Queen  
  83  10:21  Ravager x2  
  86  10:22  Ravager x5  
  61  10:44  Roach x2  
  61  10:45  Roach x5  
  15  11:59  Hatchery  
  15  12:00  Hatchery  
  10  12:12  Hatchery  
  10  12:15  Extractor  
  2  12:25  Hatchery  
  1  13:00  Hatchery  
    13:14  Drone  
Tags
 
Composition
Bio Mine
League
Gold
Matchup
TvZ
Add a new tag
Caveats
  • Supply blocks, unpowered buildings, or Contaminate may cause inaccurate times.
  • Supply counts are checked every 10 seconds.